 Dungeon Crawl Stone Soup version 0.28.0-53-g5a82cb258f (webtiles) character file.

Game seed: 3861904259887775310

1 Descartes the Grave Robber (level 1, 0/10 HPs)
             Began as a Deep Elf Wanderer on July 18, 2022.
             Frozen to death by an endoplasm (5 damage)
             ... on level 1 of the Dungeon.
             The game lasted 00:00:57 (41 turns).

Descartes the Grave Robber (Deep Elf Wanderer)        Turns: 41, Time: 00:00:57

Health: 0/10       AC:  6    Str: 10    XL:     1   Next: 16%
Magic:  6/6        EV:  9    Int: 17    God:
Gold:   9          SH:  0    Dex: 12    Spells: 6/6 levels left

rFire   . . .      SeeInvis .   a - +0 dagger
rCold   . . .      Faith    .   (no shield)
rNeg    . . .      Spirit   .   b - +0 scale mail
rPois   .          Reflect  .   (no helmet)
rElec   .          Harm     .   (no cloak)
rCorr   .          Rampage  .   (no gloves)
Will    .....                   (no boots)
Stlth   ..........              (no amulet)
HPRegen 0.03/turn               (no ring)
MPRegen 0.10/turn               (no ring)

@: no status effects
A: no striking features
a: no special abilities


You were on level 1 of the Dungeon.
You visited 1 branch of the dungeon, and saw 1 of its levels.

You collected 9 gold pieces.

Inventory:

Hand Weapons
 a - a +0 dagger (weapon)
Armour
 b - a +0 scale mail (worn)


   Skills:
 + Level 1.0 Armour
 + Level 2.4 Dodging
 - Level 3.0 Spellcasting
 + Level 3.6 Necromancy
 + Level 2.2 Fire Magic


You had 6 spell levels left.
You didn't know any spells.
Your spell library contained the following spells:

 Spells                   Type           Power      Damage    Failure   Level
 Animate Skeleton         Necr           30%        N/A       28%         1
 Foxfire                  Conj/Fire      24%        2x1d5     61%         1
 Ignite Poison            Fire/Tmut/Pois 5%         N/A       95%         3
 Animate Dead             Necr           7%         N/A       95%         4
 Dispel Undead            Necr           15%        3d10      95%         4


Dungeon Overview and Level Annotations

Branches:
Dungeon (1/15)

Altars:


Message History

Found a stone staircase leading down.
A goblin comes into view. It is wielding a +0 club.
You don't know any spells.
You are not religious.
You don't know any spells.
You don't know any spells.
An endoplasm comes into view.
Found 10 gold pieces.
The endoplasm quivers.
The goblin hits you with a +0 club.
You hit the goblin.
The goblin is heavily wounded.
The goblin hits you with a +0 club.
You are too injured to fight recklessly!
You are too injured to fight recklessly!
You are too injured to fight recklessly!
You are too injured to fight recklessly!
You are too injured to fight recklessly!
There are monsters nearby!
You hit the goblin but do no damage.
The goblin is heavily wounded.
The goblin barely misses you.
You closely miss the goblin.
The goblin is heavily wounded.
The goblin hits you with a +0 club.
You closely miss the goblin.
The goblin is heavily wounded.
The goblin hits you but does no damage.
You completely miss the goblin.
The goblin is heavily wounded.
The goblin hits you but does no damage.
You hit the goblin.
You kill the goblin!
The endoplasm hits you but does no damage.
There is a stone staircase leading down here.
You hit the endoplasm but do no damage. The endoplasm freezes you.
You are frozen.
Ouch! That really hurt!
You die...

≈§§...≈≈§...≈≈≈§.§§≈≈...
≈≈§§.≈≈≈≈§.§≈≈≈≈.≈§§≈≈..
..§.§....§.§......§.....
.....####..###########..
..................
........########### .
................ .###.$
......##.########......
...... #.@J.#...)......
...### ####.>..........
... ######.......... ..
.................
#..............##
..##.##....(..... #..
#.......... ...
...###.#### #.# .#...
..#


You could see an endoplasm.

Vanquished Creatures
  A goblin (D:1)
1 creature vanquished.

Notes
Turn   | Place    | Note
-------+----------+-------------------------------------------
     0 | D:1      | Descartes the Deep Elf Wanderer began the quest for the
                  | Orb.
     0 | D:1      | Descartes set off with the following items: a +0 dagger, a
                  | +0 scale mail; and the following spells available to
                  | memorise: Animate Skeleton, Foxfire, Ignite Poison, Animate
                  | Dead, Dispel Undead
     0 | D:1      | Reached XP level 1. HP: 10/10 MP: 6/6
    41 | D:1      | Frozen to death by an endoplasm

Illustrated notes

Levels and vault maps discovered:
D:1:      onia_arrival_pyramid, layout_rooms, ebering_ecumenical_altar_box,
          serial_bayou_lagoon_b

Action                   || total
-------------------------++-------
Melee: Dagger            ||     7
Armor: Scale mail        ||     3
Dodge: Dodged            ||     1
